 Dungeon Sprint DCSS version 0.20-a0-820-g557356e (webtiles) character file.

11400000 esc the Conqueror (level 27, -5/323 HPs)
             Began as a Demonspawn Warper on Mar 4, 2017.
             Was the Champion of Makhleb.
             Killed by the air
             ... invoked by a tyrant
              (41 damage)
             ... in the Dungeon (Sprint VIII: "Arena of Blood").
             The game lasted 00:03:45 (114 turns).

esc the Conqueror (Demonspawn Warper)                Turns: 114, Time: 00:03:45

Health: -5/323     AC:  6    Str: 13    XL:     27
Magic:  0/54       EV: 37    Int: 14    God:    Makhleb [******]
Gold:   0          SH:  8    Dex: 25    Spells: 80/80 levels left

rFire    + . .     SeeInvis +   l - +∞ Axe of Woe
rCold    . . .     Gourm    .   b - +0 leather armour
rNeg     . . .     Faith    .   (shield currently unavailable)
rPois    .         Spirit   +   (no helmet)
rElec    .         Reflect  .   (no cloak)
rCorr    .         Harm     .   (no gloves)
MR       ++...     NoTele   +   (boots unavailable)
Stlth    +++++++++.             (no amulet)
Regen    0.7/turn               n - ring of protection from fire {rF+, !d}
MPRegen  0.7/turn               m - ring of see invisible {sInv, !d}

@: no status effects
A: hooves 3, large bone plates 3, demonic guardian 3, robust 3, magic shield,
magic regeneration, magic link
a: Minor Destruction, Lesser Servant of Makhleb, Major Destruction, Greater
Servant of Makhleb, Renounce Religion


You were in the Dungeon.
You worshipped Makhleb.
Makhleb was exalted by your worship.
You were not hungry.

You visited 1 branch

Inventory:

Hand Weapons
 a - a +0 hand axe
 l - the +∞ Axe of Woe (weapon)
   (You found it in the Dungeon)
Missiles
 e - 5 tomahawks of dispersal {=f}
Armour
 b - a +0 leather armour (worn)
Jewellery
 m - a ring of see invisible (left hand) {sInv, !d}
   (You found it in the Dungeon)
 n - a ring of protection from fire (right hand) {rF+, !d}
   (You found it in the Dungeon)
Scrolls
 d - 2 scrolls of blinking {!r}
Potions
 g - a potion of curing
 h - a potion of heal wounds
 i - a potion of haste
 j - 2 potions of magic
 k - a potion of berserk rage {!q}
Books
 c - a book of Spatial Translocations
Comestibles
 f - a bread ration {@e1}


   Skills:
 O Level 27 Fighting
 O Level 27 Axes
 O Level 27 Throwing
 O Level 27 Armour
 O Level 27 Dodging
 O Level 27 Stealth
 O Level 27 Unarmed Combat
 O Level 27 Spellcasting
   Level 2.6 Translocations
 O Level 27 Invocations


You had 80 spell levels left.
You didn't know any spells.

Dungeon Overview and Level Annotations

Branches:
Dungeon (1/1)

Altars:
Makhleb


Innate Abilities, Weirdness & Mutations

You have hooves in place of feet.
You are completely covered in large bone plates. (SH +8)
A powerful demonic guardian rushes to your aid.
You are extremely robust. (+30% HP)
When hurt, damage is shared between your health and your magic reserves.
You regenerate magic rapidly.
When low on magic, you restore magic in place of health.


Message History

The bag of meat shouts!
The tyrant shouts!
The large bag of meat shouts in stereo!
You hit the tyrant but do no damage.
You butcher the tyrant messily.
You destroy the tyrant!
Makhleb accepts your kill.
You hit the scourge.
You butcher the scourge messily.
You kill the scourge!
Makhleb accepts your kill.
You slash the meat berserker!
You cleave the meat berserker in twain.
You kill the meat berserker!
Makhleb accepts your kill.
The tyrant mumbles some strange words.
You hear a shout! x2
Your balrug hits the meat berserker with an antimagic demon whip!
The meat berserker is engulfed in flames!!
You hear a shout!
The dread calls on the powers of darkness!
The observer convulses! x2; The meat berserker convulses! x2
Your body is wracked with pain!
The observer gazes at you. The bolt of fire misses you.
You hear a shout!
A great orb of eyes and a wraith come into view.
You take 140 damage, and have 157/323 hp.
MASSIVE DAMAGE!!
You now have 8/54 mp.
Unknown command.
Unknown command.
A bag of meat comes into view. It is wielding a +9 war axe.
You hear a shout! x3
The meat berserker hits your balrug with a +9 battleaxe!!!
Your balrug dies!
The meat berserker hits you with a +9 battleaxe!!!
The observer moves out of view.
The accursed casts a spell at you. Something smites you!
The observer gazes at you. Something smites you!
* * * LOW HITPOINT WARNING * * *
The tyrant casts a spell.
You hear a shout! x4
The meat beast roars, "Give up, thou feeble kobold-kissing clam!"
The eight-headed meat hydra appears out of thin air!
An eight-headed meat hydra comes into view.
The meat berserker shouts!
You hear a shout!
You hear an angry hiss.
The eight-headed meat hydra roars!
You hear a shout!
A vampire knight and a wraith come into view.
The destroyer is wielding a +9 great sword of slicing.
You take 64 damage, and have 93/323 hp.
You now have 6/54 mp.
The destroyer shouts!
You slice the meat berserker!!
You dissect the meat berserker like a pig carcass.
You kill the meat berserker!
Makhleb accepts your kill.
You feel better.
You hear a shout! x3
The meat berserker rages.
You hear a shout! x2
The dread calls on the powers of darkness!
The bag of meat convulses!
Your body is wracked with pain!
The accursed points at you and mumbles some strange words.
Something smites you!
* * * LOW HITPOINT WARNING * * *
The destroyer blinks!
You hear a shout!
The tyrant gestures wildly while chanting.
The tyrant seems to speed up.
You hear a shout! x2
The meat berserker hits you with a +9 battleaxe!!
* * * LOW HITPOINT WARNING * * *
You hear a shout! x2; You hear an angry hiss.
You take 30 damage, and have 63/323 hp.
You now have 3/54 mp.
Unknown command.
Unknown command.
Unknown command.
You slash the meat berserker!
You butcher the meat berserker messily.
You kill the meat berserker!
Makhleb accepts your kill.
You feel better.
You slash the meat berserker!
You chop the meat berserker into pieces.
You kill the meat berserker!
Makhleb accepts your kill.
You hear a shout! x5
The eight-headed meat hydra calls on the powers of darkness!
The eight-headed meat hydra convulses!
The observer convulses! x2
Your body is wracked with pain!
* * * LOW HITPOINT WARNING * * *
You hear a shout! x3
The destroyer blinks!
The dread calls on the powers of darkness!
The bag of meat convulses! x2
Your body is wracked with pain!
* * * LOW HITPOINT WARNING * * *
You hear a shout!
The meat beast misses you. The meat beast completely misses you.
You hear a shout!
The tyrant waves its bony arms in wide circles.
The air twists around and strikes you!
You die...

#.. ..# ...L.. ......# #.. ..#
..........##.....# ###...
oW###.....L..........#
.....###.§.W...o.....###.....#
......_...........G..........#
...#.....#..o....#L#.........#
...#_.<._#....L..............#
...#.....#...V..#2#§#))..§§.)#
...)))_o.......V@)..))...§§§)#
....)###........X#)#.#..#.§§.#
###.))....###..G.......#...))#
..#.))....#XXXXX.G......#.)))#
..#..))...#.X..XX....D.#...%)#
..)))).......ML.W.....%...)).#
..))).........#.X.#.%....##).#
...))........#....#%%...##...#
.........%.##.....#.....#....#


You could see an accursed, 2 tentacled monstrosities, a meat beast, 3 tyrants,
an eight-headed meat hydra, 2 destroyers, 3 observers, 8 large abominations, 3
dreads and 2 bags of meat.

Vanquished Creatures
  5 great orbs of eyes (D)
  A wraith (D)
  6 vampire knights (D)
  17 ogres (D)
  6 two-headed ogres (D)
  4 liches (D)
  2 hydras (D)
  75 orcs (D)
  A phantom (D)
  2 skeletal warriors (D)
  A sea snake (D)
120 creatures vanquished.

Notes
Turn   | Place    | Note
-------+----------+-------------------------------------------
     0 | D        | esc the Demonspawn Warper began the quest for the Orb.
     0 | D        | Reached XP level 1. HP: 16/16 MP: 3/3
     3 | D        | Noticed a bag of meat
     3 | D        | Noticed a bag of meat
     4 | D        | Noticed a bag of meat
     4 | D        | Became a worshipper of Makhleb the Destroyer
     5 | D        | Noticed a bag of meat
     5 | D        | Noticed a bag of meat
     6 | D        | Noticed a bag of meat
     6 | D        | Noticed a bag of meat
     6 | D        | Killed a bag of meat
     6 | D        | Reached skill level 14 in Fighting
     6 | D        | Reached skill level 13 in Axes
     6 | D        | Reached skill level 13 in Armour
     6 | D        | Reached skill level 13 in Dodging
     6 | D        | Gained mutation: A weak demonic guardian rushes to your aid. [demonic ancestry]
     6 | D        | Reached XP level 2. HP: 43/43 MP: 5/5
     6 | D        | Reached XP level 3. HP: 49/49 MP: 6/6
     6 | D        | Gained mutation: You are partially covered in large bone plates. (SH +4) [demonic ancestry]
     6 | D        | Reached XP level 4. HP: 56/56 MP: 7/7
     6 | D        | Gained mutation: You are mostly covered in large bone plates. (SH +6) [demonic ancestry]
     6 | D        | Reached XP level 5. HP: 62/62 MP: 8/8
     6 | D        | Reached XP level 6. HP: 69/69 MP: 9/9
     6 | D        | Gained mutation: You have large cloven feet. [demonic ancestry]
     6 | D        | Reached XP level 7. HP: 75/75 MP: 10/10
     6 | D        | Gained mutation: When hurt, damage is shared between your health and your magic reserves. [demonic ancestry]
     6 | D        | Reached XP level 8. HP: 82/82 MP: 11/11
     6 | D        | Gained mutation: You are robust. (+10% HP) [demonic ancestry]
     6 | D        | Reached XP level 9. HP: 82/96 MP: 12/12
     6 | D        | Gained mutation: You are very robust. (+20% HP) [demonic ancestry]
     6 | D        | Reached XP level 10. HP: 82/114 MP: 13/13
     6 | D        | Gained mutation: You have hoof-like feet. [demonic ancestry]
     6 | D        | Reached XP level 11. HP: 87/121 MP: 14/14
     7 | D        | Noticed a bag of meat
     8 | D        | Killed a bag of meat
     8 | D        | Reached * piety under Makhleb
     8 | D        | Reached skill level 16 in Fighting
     8 | D        | Reached skill level 15 in Axes
     8 | D        | Reached skill level 15 in Armour
     8 | D        | Reached skill level 15 in Dodging
     8 | D        | Gained mutation: A demonic guardian rushes to your aid. [demonic ancestry]
     8 | D        | Reached XP level 12. HP: 71/135 MP: 12/15
     8 | D        | Killed a bag of meat
     8 | D        | Reached skill level 18 in Fighting
     8 | D        | Reached skill level 16 in Axes
     8 | D        | Reached skill level 16 in Armour
     8 | D        | Reached skill level 16 in Dodging
     8 | D        | Reached XP level 13. HP: 77/146 MP: 12/16
     8 | D        | Killed a bag of meat
     8 | D        | Reached skill level 19 in Fighting
     8 | D        | Reached skill level 18 in Axes
     8 | D        | Reached skill level 17 in Armour
     8 | D        | Reached skill level 18 in Dodging
     8 | D        | Gained mutation: You have hooves in place of feet. [demonic ancestry]
     8 | D        | Reached XP level 14. HP: 83/159 MP: 12/17
     8 | D        | Killed a bag of meat
     8 | D        | Reached ** piety under Makhleb
     8 | D        | Reached skill level 20 in Fighting
     8 | D        | Reached skill level 18 in Armour
     9 | D        | Noticed a bag of meat
     9 | D        | Noticed a bag of meat
     9 | D        | Noticed a bag of meat
     9 | D        | Noticed a bag of meat
     9 | D        | Noticed a bag of meat
     9 | D        | Noticed a bag of meat
     9 | D        | Noticed a bag of meat
     9 | D        | Noticed a bag of meat
     9 | D        | Noticed a bag of meat
    10 | D        | Noticed a meat berserker
    10 | D        | Noticed a bag of meat
    10 | D        | Noticed a bag of meat
    10 | D        | Noticed a bag of meat
    10 | D        | Noticed a bag of meat
    11 | D        | Noticed a bag of meat
    11 | D        | Noticed a bag of meat
    11 | D        | Killed a bag of meat
    11 | D        | Reached skill level 21 in Fighting
    11 | D        | Reached skill level 19 in Axes
    11 | D        | Reached skill level 19 in Armour
    11 | D        | Reached skill level 19 in Dodging
    11 | D        | Reached XP level 15. HP: 92/172 MP: 12/18
    11 | D        | Reached skill level 22 in Fighting
    11 | D        | Reached skill level 20 in Axes
    11 | D        | Reached skill level 20 in Armour
    11 | D        | Reached skill level 20 in Dodging
    13 | D        | Reached *** piety under Makhleb
    13 | D        | Reached skill level 21 in Axes
    13 | D        | Reached skill level 21 in Armour
    13 | D        | Reached skill level 21 in Dodging
    13 | D        | Reached skill level 23 in Fighting
    13 | D        | Gained mutation: You are completely covered in large bone plates. (SH +8) [demonic ancestry]
    13 | D        | Reached XP level 16. HP: 173/188 MP: 10/19
    13 | D        | Reached skill level 24 in Fighting
    13 | D        | Reached skill level 22 in Axes
    13 | D        | Reached skill level 22 in Armour
    13 | D        | Reached skill level 22 in Dodging
    14 | D        | Reached **** piety under Makhleb
    14 | D        | Reached skill level 23 in Axes
    14 | D        | Reached skill level 23 in Armour
    14 | D        | Reached skill level 23 in Dodging
    14 | D        | Reached skill level 25 in Fighting
    14 | D        | Gained mutation: You are extremely robust. (+30% HP) [demonic ancestry]
    14 | D        | Reached XP level 17. HP: 195/219 MP: 11/20
    14 | D        | Reached skill level 26 in Fighting
    14 | D        | Reached skill level 24 in Axes
    14 | D        | Reached skill level 24 in Armour
    14 | D        | Reached skill level 24 in Dodging
    14 | D        | Killed a meat berserker
    14 | D        | Reached skill level 27 in Fighting
    14 | D        | Reached skill level 25 in Axes
    14 | D        | Reached skill level 25 in Armour
    14 | D        | Reached skill level 25 in Dodging
    14 | D        | Reached ***** piety under Makhleb
    14 | D        | Reached skill level 26 in Axes
    14 | D        | Reached skill level 26 in Armour
    14 | D        | Reached skill level 26 in Dodging
    14 | D        | Reached XP level 18. HP: 236/236 MP: 11/21
    16 | D        | Reached skill level 27 in Axes
    16 | D        | Reached skill level 27 in Armour
    16 | D        | Reached skill level 27 in Dodging
    16 | D        | Reached skill level 5 in Throwing
    16 | D        | Reached skill level 5 in Stealth
    16 | D        | Reached skill level 5 in Unarmed Combat
    16 | D        | Reached skill level 5 in Spellcasting
    16 | D        | Reached skill level 7 in Invocations
    16 | D        | Reached skill level 8 in Throwing
    16 | D        | Reached skill level 9 in Stealth
    16 | D        | Reached skill level 8 in Unarmed Combat
    16 | D        | Reached skill level 8 in Spellcasting
    16 | D        | Reached skill level 11 in Invocations
    16 | D        | Reached skill level 10 in Throwing
    16 | D        | Reached skill level 11 in Stealth
    16 | D        | Reached skill level 10 in Unarmed Combat
    16 | D        | Reached skill level 10 in Spellcasting
    16 | D        | Reached skill level 13 in Invocations
    16 | D        | Reached skill level 11 in Throwing
    16 | D        | Reached skill level 12 in Stealth
    16 | D        | Reached skill level 11 in Unarmed Combat
    16 | D        | Reached skill level 11 in Spellcasting
    16 | D        | Reached skill level 15 in Invocations
    16 | D        | Gained mutation: You regenerate magic rapidly. [demonic ancestry]
    16 | D        | Reached XP level 19. HP: 245/245 MP: 9/34
    16 | D        | Reached skill level 13 in Throwing
    16 | D        | Reached skill level 14 in Stealth
    16 | D        | Reached skill level 13 in Unarmed Combat
    16 | D        | Reached skill level 13 in Spellcasting
    16 | D        | Reached skill level 17 in Invocations
    18 | D        | Reached skill level 14 in Throwing
    18 | D        | Reached skill level 15 in Stealth
    18 | D        | Reached skill level 14 in Unarmed Combat
    18 | D        | Reached skill level 14 in Spellcasting
    18 | D        | Reached skill level 19 in Invocations
    18 | D        | Reached skill level 15 in Throwing
    18 | D        | Reached skill level 16 in Stealth
    18 | D        | Reached skill level 15 in Unarmed Combat
    18 | D        | Reached skill level 15 in Spellcasting
    18 | D        | Reached skill level 20 in Invocations
    18 | D        | Reached ****** piety under Makhleb
    18 | D        | Reached skill level 16 in Throwing
    18 | D        | Reached skill level 17 in Stealth
    18 | D        | Reached skill level 16 in Unarmed Combat
    18 | D        | Reached skill level 16 in Spellcasting
    18 | D        | Reached skill level 21 in Invocations
    18 | D        | Reached skill level 18 in Stealth
    18 | D        | Reached skill level 17 in Spellcasting
    18 | D        | Reached skill level 22 in Invocations
    18 | D        | Reached XP level 20. HP: 256/256 MP: 9/41
    18 | D        | Reached skill level 17 in Throwing
    18 | D        | Reached skill level 19 in Stealth
    18 | D        | Reached skill level 17 in Unarmed Combat
    18 | D        | Reached skill level 23 in Invocations
    19 | D        | Noticed a meat berserker
    20 | D        | Noticed a large bag of meat
    20 | D        | Noticed a large bag of meat
    23 | D        | Noticed a meat berserker
    26 | D        | Noticed a destroyer
    27 | D        | Noticed a meat berserker
    30 | D        | Killed a meat berserker
    30 | D        | Reached skill level 19 in Throwing
    30 | D        | Reached skill level 20 in Stealth
    30 | D        | Reached skill level 19 in Unarmed Combat
    30 | D        | Reached skill level 19 in Spellcasting
    30 | D        | Reached skill level 25 in Invocations
    31 | D        | Killed a meat berserker
    31 | D        | Reached skill level 20 in Throwing
    31 | D        | Reached skill level 21 in Stealth
    31 | D        | Reached skill level 20 in Unarmed Combat
    31 | D        | Reached skill level 20 in Spellcasting
    31 | D        | Reached skill level 26 in Invocations
    31 | D        | Killed a large bag of meat
    31 | D        | Reached skill level 21 in Throwing
    31 | D        | Reached skill level 23 in Stealth
    31 | D        | Reached skill level 21 in Unarmed Combat
    31 | D        | Reached skill level 21 in Spellcasting
    31 | D        | Reached skill level 27 in Invocations
    31 | D        | Reached XP level 21. HP: 265/265 MP: 11/46
    32 | D        | HP: 53/265 [destroyer/+9 great sword of slicing (182)]
    32 | D        | HP: 18/265 [destroyer/+9 great sword of slicing (35)]
    33 | D        | Killed a destroyer
    33 | D        | Reached skill level 23 in Throwing
    33 | D        | Reached skill level 25 in Stealth
    33 | D        | Reached skill level 23 in Unarmed Combat
    33 | D        | Reached skill level 23 in Spellcasting
    33 | D        | Reached skill level 24 in Throwing
    33 | D        | Reached skill level 24 in Unarmed Combat
    33 | D        | Reached skill level 24 in Spellcasting
    33 | D        | Reached skill level 25 in Throwing
    33 | D        | Reached skill level 27 in Stealth
    33 | D        | Reached skill level 25 in Unarmed Combat
    33 | D        | Reached skill level 25 in Spellcasting
    33 | D        | Reached XP level 22. HP: 180/275 MP: 0/51
    35 | D        | Reached skill level 26 in Throwing
    35 | D        | Reached skill level 26 in Unarmed Combat
    35 | D        | Reached skill level 26 in Spellcasting
    39 | D        | Reached skill level 27 in Spellcasting
    43 | D        | Reached skill level 27 in Throwing
    43 | D        | Reached skill level 27 in Unarmed Combat
    44 | D        | Noticed a large bag of meat
    47 | D        | Noticed a destroyer
    48 | D        | Reached XP level 23. HP: 182/284 MP: 2/54
    51 | D        | Killed a large bag of meat
    52 | D        | Noticed a destroyer
    53 | D        | Noticed a tyrant
    56 | D        | Noticed a tyrant
    56 | D        | Noticed a large bag of meat
    57 | D        | Killed a destroyer
    57 | D        | Reached XP level 24. HP: 295/295 MP: 6/54
    58 | D        | Killed a tyrant
    60 | D        | Reached XP level 25. HP: 282/304 MP: 5/54
    65 | D        | Noticed a destroyer
    66 | D        | Noticed a large bag of meat
    66 | D        | Noticed a large bag of meat
    69 | D        | Killed a large bag of meat
    71 | D        | Killed a destroyer
    71 | D        | Gained mutation: When low on magic, you restore magic in place of health. [demonic ancestry]
    71 | D        | Reached XP level 26. HP: 314/314 MP: 8/54
    71 | D        | Killed a large bag of meat
    72 | D        | Noticed a dread
    72 | D        | Gained mutation: A powerful demonic guardian rushes to your aid. [demonic ancestry]
    72 | D        | Reached XP level 27. HP: 323/323 MP: 6/54
    72 | D        | Killed a destroyer
    78 | D        | Killed a tyrant
    78 | D        | Killed a dread
    80 | D        | Killed a large bag of meat
    81 | D        | Noticed a destroyer
    83 | D        | Killed a destroyer
    84 | D        | Noticed a destroyer
    88 | D        | HP: 72/323 [destroyer/+9 great sword of slicing (50)]
    89 | D        | Killed a destroyer
    91 | D        | Noticed a tyrant
    93 | D        | Killed a tyrant
    98 | D        | Killed a large bag of meat
   103 | D        | Noticed a tyrant
   103 | D        | Noticed a destroyer
   104 | D        | Noticed a tyrant
   104 | D        | Noticed a tyrant
   109 | D        | Noticed a tyrant
   110 | D        | Noticed an accursed
   111 | D        | Noticed a tyrant
   111 | D        | Noticed a meat beast
   111 | D        | Noticed a large bag of meat
   111 | D        | Noticed a dread
   111 | D        | Killed a tyrant
   112 | D        | Noticed a dread
   113 | D        | Noticed a destroyer
   113 | D        | Noticed a dread
   113 | D        | HP: 63/323 [meat berserker/+9 battleaxe (26)]
   114 | D        | Killed from afar by a tyrant

Vault maps used:
D:        meatsprint

Skill      XL: |  1  2  3  4  5  6  7  8  9 10 11 12 13 14 15 16 17 18 19 20 21 22 |
---------------+-------------------------------------------------------------------+-----
Fighting       | 14 16 18 19 21 23 25 27 | 27.0
Axes           | 13 15 16 18 19 21 23 26 27 | 27.0
Armour         | 13 15 16 17 19 21 23 26 27 | 27.0
Dodging        | 13 15 16 18 19 21 23 26 27 | 27.0
Throwing       | 11 16 21 25 27 | 27.0
Stealth        | 12 18 23 27 | 27.0
Unarmed Combat | 11 16 21 25 27 | 27.0
Spellcasting   | 11 17 21 25 27 | 27.0
Invocations    | 15 22 27 | 27.0
Translocations | |  2.6

Action                   |  1- 3 |  4- 6 |  7- 9 | 10-12 | 13-15 | 16-18 | 19-21 | 22-24 | 25-27 || total
-------------------------+-------+-------+-------+-------+-------+-------+-------+-------+-------++-------
Melee: Executioner's axe |     1 |       |       |     1 |     2 |     2 |     4 |    11 |    24 ||    45
Armor: Leather armour    |       |       |       |       |       |       |     2 |       |       ||     2
Dodge: Dodged            |       |       |       |     2 |     3 |     1 |     4 |     5 |    10 ||    25
Block: Other             |       |       |       |       |       |       |     2 |       |     4 ||     6

Vault maps used:
D:        meatsprint

Table legend:
 A = Turns spent in this place as a percentage of turns spent in the entire game.
 B = Non-inter-level travel turns spent in this place as a percentage of non-inter-level travel turns spent in the entire game.
 C = Inter-level travel turns spent in this place as a percentage of turns spent in this place.
 D = Turns resting spent in this place as a percentage of non-inter-level travel turns spent in this place.
 E = Turns spent auto-exploring this place as a percentage of non-inter-level travel turns spent in this place.
 F = Non-inter-level travel turns spent in this place divided by the number of levels of this place that you've seen.
                   A       B       C       D       E      F
               +-------+-------+-------+-------+-------+----------------------
         Total | 100.0 | 100.0 |   0.0 |   0.0 |   0.0 | 180.0
       Dungeon | 100.0 | 100.0 |   0.0 |   0.0 |   0.0 | 180.0
               +-------+-------+-------+-------+-------+----------------------

Table legend:
 A = Kills in this place as a percentage of kills in entire the game.
 B = Kills by you in this place as a percentage of kills by you in the entire game.
 C = Kills by friends in this place as a percentage of kills by friends in the entire game.
 D = Other kills in this place as a percentage of other kills in the entire game.
 E = Experience gained in this place as a percentage of experience gained in the entire game.
 F = Experience gained in this place divided by the number of levels of this place that you have seen.
                   A       B       C       D       E      F
               +-------+-------+-------+-------+-------+----------------------
         Total | 100.0 | 100.0 |  -nan |  -nan | 100.0 | 2882695.0
       Dungeon | 100.0 | 100.0 |  -nan |  -nan | 100.0 | 2882695.0
               +-------+-------+-------+-------+-------+----------------------
